 Dungeon Crawl Stone Soup version 0.29-a0-8-g0446c0dae4 (webtiles) character file.

Game seed: 13165443077095004997

0 frimble the Grasshopper (level 1, 0/16 HPs)
             Began as a Demonspawn Warper on Jan 27, 2022.
             Slain by a ball python (2 damage)
             ... on level 1 of the Dungeon.
             The game lasted 00:00:06 (230 turns).

frimble the Grasshopper (Demonspawn Warper)          Turns: 230, Time: 00:00:07

Health: 0/16       AC:  3    Str: 11    XL:     1   Next: 8%
Magic:  3/3        EV:  8    Int: 14    God:
Gold:   18         SH:  0    Dex: 12    Spells: 4/4 levels left

rFire   . . .      SeeInvis .   a - +0 short sword
rCold   . . .      Faith    .   (no shield)
rNeg    . . .      Spirit   .   b - +0 leather armour
rPois   .          Reflect  .   (no helmet)
rElec   .          Harm     .   (no cloak)
rCorr   .          Rampage  .   (no gloves)
Will    .....                   (no boots)
Stlth   +.........              (no amulet)
HPRegen 0.05/turn               (no ring)
MPRegen 0.08/turn               (no ring)

@: constricted
A: no striking features
a: no special abilities


You were on level 1 of the Dungeon.
You visited 1 branch of the dungeon, and saw 1 of its levels.

You collected 18 gold pieces.

Inventory:

Hand Weapons
 a - a +0 short sword (weapon)
Missiles
 d - 5 boomerangs of dispersal (quivered)
Armour
 b - a +0 leather armour (worn)
Scrolls
 c - a scroll of blinking
 e - a scroll of identify {unknown}
Potions
 f - a potion of invisibility {unknown}


   Skills:
 - Level 2.0 Fighting
 + Level 1.8 Short Blades
 - Level 0.8 Throwing
 - Level 0.8 Armour
 - Level 1.7 Dodging
 - Level 2.0 Spellcasting
 - Level 2.6 Translocations


You had 4 spell levels left.
You didn't know any spells.
Your spell library contained the following spells:

 Spells                   Type           Power      Damage    Failure   Level
 Blink                    Tloc           16%        N/A       16%         2
 Gell's Gravitas          Tloc           8%         N/A       30%         3
 Lesser Beckoning         Tloc           8%         N/A       30%         3
 Teleport Other           Tloc           8%         N/A       30%         3
 Manifold Assault         Tloc           8%         N/A       96%         5


Dungeon Overview and Level Annotations

Branches:
Dungeon (1/15)

Altars:


Message History

You closely miss the rat. The bat hits you but does no damage.
The rat barely misses you. The bat closely misses you.
You closely miss the rat. The bat hits you but does no damage.
The ball python bites you. The ball python barely misses you.
The rat closely misses you. The ball python completely misses you.
The ball python grabs you. The ball python constricts you.
You completely miss the ball python. The rat bites you.
The ball python bites you. The ball python constricts you.
The bat barely misses you.
You are too injured to fight recklessly!
You are too injured to fight recklessly!
You are too injured to fight recklessly!
You are too injured to fight recklessly!
You are too injured to fight recklessly!
You are too injured to fight recklessly!
You are too injured to fight recklessly!
You escape the ball python's grasp.
The bat hits you but does no damage. The rat bites you.
The goblin barely misses you. The bat barely misses you.
The rat barely misses you. The bat closely misses you.
The bat completely misses you. The bat closely misses you.
The bat hits you but does no damage.
The giant cockroach waves its antennae.
The ball python barely misses you. The ball python misses you.
The bat hits you but does no damage. x2
The bat hits you.
You barely miss the bat. The bat hits you. The bat closely misses you.
You hit the bat.
You kill the bat!
You hit the ball python.
The ball python is severely wounded.
The ball python bites you.
* * * LOW HITPOINT WARNING * * *
The ball python misses you.
You closely miss the ball python.
The ball python is severely wounded.
The ball python bites you but does no damage.
The ball python grabs you. The ball python constricts you.
* * * LOW HITPOINT WARNING * * *
The ball python bites you.
You die...

##.#.#.#.#.#
#..........
##.#.#.#.#.##
#...........#
##.#.#.#.#.##
#...B.B.....# #
##.#g#.#.#.## ..
###S###.# # ..##
#######@# . #...
##....##.# .# ##..#
##......#.####.#
.##..###..♣...........#
..##.#....P♣..######.##
...#......♣..##
...##.#..P♣..#
....#.##....##
#...#.........


You could see a giant cockroach, a goblin and a ball python.

Vanquished Creatures
  A bat (D:1)
1 creature vanquished.

Notes
Turn   | Place    | Note
-------+----------+-------------------------------------------
     0 | D:1      | frimble the Demonspawn Warper began the quest for the Orb.
     0 | D:1      | Reached XP level 1. HP: 16/16 MP: 3/3
   230 | D:1      | Slain by a ball python

Illustrated notes

Levels and vault maps discovered:
D:1:      dpeg_arrival_circle_labyrinth_c, layout_rooms,
          dreamdust_ecumenical_altar_statues, serial_bayou_pond_a,
          hangedman_decor_points, minmay_misc_feat_pillars, hex_large,
          st_stairs_11, serial_park_tiny_2, minivault_4

Action                   || total
-------------------------++-------
Melee: Short sword       ||     9
Armor: Leather armour    ||    10
Dodge: Dodged            ||    19

Table legend: (Time is in decaauts)
 A = Elapsed time spent in this place.
 B = Non-inter-level travel time spent in this place.
 C = Inter-level travel time spent in this place.
 D = Time resting spent in this place.
 E = Time spent auto-exploring this place.
 F = Levels seen in this place.
 G = Mean time per level.
                   A        B        C        D        E       F      G
               +--------+--------+--------+--------+--------+-----+--------+
         Total |    230 |    230 |      0 |      0 |    208 |   1 |  230.0 |
       Dungeon |    230 |    230 |      0 |      0 |    208 |   1 |  230.0 |
               +--------+--------+--------+--------+--------+-----+--------+

Top non-repeatable levels by time:
     D:1: 230 daAuts
